 Dungeon Crawl Stone Soup version 0.28.0-45-g0d030f2227 (webtiles) character file.

Game seed: 9661752440795271242

238 crimpus the Shield-Bearer (level 5, -7/47 HPs)
             Began as a Minotaur Fighter on Apr 18, 2022.
             Killed by divine providence
             ... invoked by an orc priest
              (14 damage)
             ... on level 3 of the Dungeon.
             The game lasted 00:04:43 (3055 turns).

crimpus the Shield-Bearer (Minotaur Fighter)        Turns: 3055, Time: 00:04:44

Health: -7/47      AC:  8    Str: 21 (23) XL:     5   Next: 78%
Magic:  4/4        EV: 10    Int:  3 (5)  God:
Gold:   120        SH:  0    Dex:  8 (9)  Spells: 4/4 levels left

rFire   . . .      SeeInvis .   n - +1 dagger (venom)
rCold   . . .      Faith    .   b - +0 buckler
rNeg    . . .      Spirit   .   a - +0 scale mail
rPois   .          Reflect  .   (helmet restricted)
rElec   .          Harm     .   e - +0 cloak
rCorr   .          Rampage  .   (no gloves)
Will    .....                   (no boots)
Stlth   ..........              (no amulet)
HPRegen 0.15/turn               f - +4 ring of slaying
MPRegen 0.09/turn               j - ring of flight

@: confused, flying
A: horns 2, retaliatory headbutt
a: no special abilities


You were on level 3 of the Dungeon.
You visited 1 branch of the dungeon, and saw 3 of its levels.

You collected 120 gold pieces.

Inventory:

Hand Weapons
 n - a +1 dagger of venom (weapon)
Armour
 a - a +0 scale mail (worn)
 b - a +0 buckler (worn)
 e - a +0 cloak (worn)
Jewellery
 f - a +4 ring of slaying (left hand)
 j - a ring of flight (right hand)
Scrolls
 d - a scroll of identify
 i - a scroll of enchant armour
Potions
 c - a potion of might
 g - a potion of curing
 m - a potion of degeneration


   Skills:
 + Level 4.7 Fighting
 + Level 5.2 Armour
 + Level 2.2 Dodging
 + Level 5.5 Shields
 - Level 2.1 Unarmed Combat


You had 4 spell levels left.
You didn't know any spells.
Your spell library contained the following spells:

 Spells                   Type           Power      Damage    Failure   Level
 Sandblast                Erth           0%         2d4       90%         1
 Passwall                 Tmut/Erth      0%         N/A       97%         2
 Confusing Touch          Hex            0%         N/A       99%         3
 Stone Arrow              Conj/Erth      0%         3d7       99%         3
 Yara's Violent Unravell  Hex/Tmut       0%         3d3       100%        5
 Enfeeble                 Hex            0%         N/A       100%        7


Dungeon Overview and Level Annotations

Branches:
Dungeon (3/15)

Altars:
Xom


Innate Abilities, Weirdness & Mutations

You have a pair of horns on your head.
You reflexively headbutt those who attack you in melee.


Message History

The orc wizard flickers and vanishes!
Deactivating autopickup; reactivate with Ctrl-A.
The orc priest calls down the wrath of Beogh upon you.
Pain shoots through your body!
You see here a +0 dagger.
Unknown command.
The orc priest hits you with a +0 flail.
An orc priest comes into view. It is wielding a +0 flail.
You hit the orc priest.
The orc priest is lightly wounded.
The orc priest mumbles some strange prayers to Beogh against you.
Beogh smites you!
The orc priest begins to cast a cantrip, but forgets the words!
You are too injured to fight recklessly!
You are too injured to fight recklessly!
Unknown command.
The orc priest calls down the wrath of Beogh upon you.
Something writhes in agony!
The orc priest looks braver for a moment.
You see here a +0 dagger.
You hear some strange, mumbled words.
Something tries to affect you, but you resist.
You hear some strange, mumbled words.
A puff of flame appears from out of thin air!
The puff of flame misses you.
You hear some strange, mumbled words.
You are confused.
The orc priest calls down the wrath of Beogh upon you.
Beogh smites you!
* * * LOW HITPOINT WARNING * * *
You hear some strange, mumbled words.
A puff of flame appears from out of thin air!
The puff of flame hits you.
* * * LOW HITPOINT WARNING * * *
You bump into the rock wall.
Something hits you.
* * * LOW HITPOINT WARNING * * *
You bump into the rock wall.
The orc priest invokes the aid of Beogh against you.
Beogh smites you!
You die...

#.#.#.......#
#...#.......#
##..#.......#
#..#.......#
##..#)).....#
#.....)†....####
#.#>..)......).#
#.#..#####o###.########
#.......@..# #.........
############ #....<.##.
##.#.).# #.#...# #o#
### ..# #.. ###


You could see an orc priest.

Vanquished Creatures
  An orc priest (D:3)
  An orc wizard (D:3)
  7 adders (D:2)
  An adder skeleton (D:2)
  3 worms
  2 dart slugs
  12 orcs
  8 endoplasms
  5 giant cockroaches
  10 goblins
  6 hobgoblins
  7 quokkas
  2 ball pythons
  5 bats
  7 frilled lizards
  8 kobolds
  7 rats
92 creatures vanquished.

Notes
Turn   | Place    | Note
-------+----------+-------------------------------------------
     0 | D:1      | crimpus the Minotaur Fighter began the quest for the Orb.
     0 | D:1      | Reached XP level 1. HP: 19/19 MP: 0/0
   218 | D:1      | Reached XP level 2. HP: 23/27 MP: 1/1
   414 | D:1      | Found a faded altar of an unknown god.
   602 | D:1      | Reached XP level 3. HP: 32/33 MP: 2/2
  1125 | D:3      | Reached XP level 4. HP: 19/40 MP: 3/3
  1469 | D:2      | Reached skill level 1 in Dodging
  1659 | D:2      | Reached skill level 5 in Shields
  1697 | D:2      | Reached XP level 5. HP: 32/47 MP: 4/4
  1837 | D:2      | Found a shimmering altar of Xom.
  2726 | D:3      | Reached skill level 5 in Armour
  3055 | D:3      | Killed from afar by an orc priest

Illustrated notes

Levels and vault maps discovered:
D:1:      dpeg_arrival_morbid_curiosity, layout_loops_cross,
          shapermc_ecumenical_altar_acropolis
D:2:      minmay_general_purpose_star, layout_rooms, basic_altar,
          minmay_diced_spiral
D:3:      layout_basic, mainiacjoe_overflow_surrounded_room, feat_on_display

Skill      XL: |  1  2  3  4  5 |
---------------+----------------+-----
Shields        | 4 5 |  5.5
Armour         | 4 5 |  5.2
Fighting       | 4 |  4.7
Dodging        | 1 2 |  2.2
Unarmed Combat | |  2.1

Action                   |  1- 3 |  4- 6 || total
-------------------------+-------+-------++-------
Melee: Unarmed           |    22 |       ||    22
       Headbutt          |    14 |    20 ||    34
       Club              |    85 |    12 ||    97
       Mace              |       |    80 ||    80
       Dagger            |       |    38 ||    38
       Morningstar       |       |    11 ||    11
  Use: Potion            |     2 |     2 ||     4
       Scroll            |       |     3 ||     3
Armor: Scale mail        |    71 |    64 ||   135
Dodge: Dodged            |    53 |    67 ||   120
Block: Buckler           |    26 |    49 ||    75
